 Dungeon Crawl Stone Soup version 0.30.0-21-gd299b56b3f (webtiles) character file.

Game seed: 6644732925513006619

144 qw the Chopper (level 5, -7/32 HPs)
             Began as a Gargoyle Fighter on June 2, 2023.
             Mangled by Sigmund
             ... wielding a +0 scythe
              (9 damage)
             ... on level 2 of the Dungeon.
             The game lasted 00:01:22 (2422 turns).

qw the Chopper (Gargoyle Fighter)                   Turns: 2422, Time: 00:01:23

Health: -7/32      AC: 14    Str: 21    XL:     5   Next: 27%
Magic:  5/5        EV:  9    Int:  9    God:
Gold:   211        SH:  0    Dex:  9    Spells: 4/4 levels left

rFire   . . .        Y - +0 war axe
rCold   . . .        c - +0 buckler
rNeg    + . .        b - +0 scale mail
rPois   inf          m - +2 helmet
rElec   +            (no cloak)
rCorr   .            (no gloves)
SInv    .            (no boots)
Will    .....        (no amulet) Stlth
                     (no ring)
HPRegen 0.25/turn    (no ring)
MPRegen 0.09/turn

%: no passive effects
@: confused
A: sickness immunity, AC +4, negative energy resistance 1, electricity
resistance, torment resistance 1, petrification resistance
a: no special abilities


You were on level 2 of the Dungeon.
You visited 1 branch of the dungeon, and saw 3 of its levels.

You collected 211 gold pieces.


Innate Abilities, Weirdness & Mutations

You are immune to sickness and miasma.
Your stone body is resilient. (AC +4)
You are immune to poison.
You resist negative energy. (rN+)
You are resistant to electric shocks. (rElec)
You are resistant to unholy torment.
You are immune to petrification.


   Skills:
 - Level 3.2 Fighting
 + Level 4.8 Axes
 - Level 3.2 Armour
 - Level 3.2 Shields


You had 4 spell levels left.
You didn't know any spells.
Your spell library was empty.

Inventory:

Hand Weapons
 f - a +0 whip
 Y - a +0 war axe (weapon)
Missiles
 k - 10 boomerangs (quivered)
Armour
 b - a +0 scale mail (worn)
 c - a +0 buckler (worn)
 m - a +2 helmet (worn)
Scrolls
 a - 2 scrolls of enchant armour
Potions
 d - a potion of might
 h - a potion of flight {unknown}
 i - a potion of lignification
 j - a potion of brilliance {unknown}
 l - a potion of cancellation {unknown}
 n - a potion of berserk rage {unknown}
 o - a potion of heal wounds {unknown}
 p - 2 potions of attraction

Dungeon Overview and Level Annotations

Branches:
Dungeon (3/15)

Altars:
Hepliaklqana
Uskayaw
Vehumet

Annotations:
D:2 Sigmund


Message History

You hear some strange, mumbled words.
A puff of flame appears from out of thin air!
The puff of flame hits you! You block the orc's attack.
Something hits you but does no damage. The orc hits you but does no damage.
You hit the orc.
You kill the orc!
You slash something! You slash something! Something hits you!
You closely miss something.
You hear some strange, mumbled words.
A puff of flame appears from out of thin air!
You block the puff of flame.
You miss something.
You hear some strange, mumbled words.
A puff of flame appears from out of thin air!
The puff of flame hits you!
You hear some strange, mumbled words.
Something tries to affect you, but you resist.
You miss something.
You hear some strange, mumbled words.
You are confused.
You feel less attractive to monsters.
You're too confused to move!
Something hits you.
A magic dart appears from out of thin air!
The magic dart hits you but does no damage.
Things that are here:
a +0 flail; a +0 scale mail
Enter note:
Enter note:
Enter note:
Enter note:
Enter note:
Enter note:
Enter note:
Enter note:
Enter note: Something hits you!
You die...

#.##.........### #.# #..
#.##.##.###### #.# #..
#.##.##.########## #.# #..
#........##......#####.# #..
####%###.#.....#.......########..
#.###.#.....#..######...>.....
#...#.#.....#..### #..........
##.#.#.#.....#{)..# #..........
#....#.#.)...#@.#.# #.#####.#..
#..[...##.....)##.# #.# #.#..
#.##########.####.# #.# #.#.. #.#
#####.## #.# #.# #.#.. #.#
#......###.###.# #.#..
#.######..............# #....
#.....##.####..##.##### ###..
#####.##.##.......######## ###
#......<#..###.......######


There were no monsters in sight!

Vanquished Creatures
  Jessica (D:3)
  Robin (D:2)
  3 adders
  A dart slug (D:1)
  3 orcs
  5 endoplasms
  5 giant cockroaches
  13 goblins
  8 hobgoblins
  3 jackals (D:1)
  3 kobolds
  2 ball pythons (D:3)
  12 bats
  4 frilled lizards
  5 rats
69 creatures vanquished.

Notes
Turn   | Place    | Note
-------+----------+-------------------------------------------
     0 | D:1      | qw the Gargoyle Fighter began the quest for the Orb.
     0 | D:1      | Reached XP level 1. HP: 14/14 MP: 1/1
     0 | D:1      | 0 ||| qw: Version: 0.2-a-102-gdf20003
     0 | D:1      | 0 ||| qw: Game counter: 867
     0 | D:1      | 0 ||| qw: Always use a shield: true
     0 | D:1      | 0 ||| qw: God list: Okawaru
     0 | D:1      | 0 ||| qw: Allow faded altars: false
     0 | D:1      | 0 ||| qw: Do Orc after D:15 true
     0 | D:1      | 0 ||| qw: Do second Lair branch before Depths: true
     0 | D:1      | 0 ||| qw: Lair rune preference: random
     0 | D:1      | 0 ||| qw: Plans: Normal, Zot:1-4, Slime:5, God:TSO, Crypt,
                  | Tomb, Pan, Hells, Abyss, Win
     0 | D:1      | 0 ||| PLANNING D:1-11
    72 | D:1      | Reached skill level 2 in Axes
   107 | D:1      | 107 ||| Stepping ~*~*~tactically~*~*~ (hiding).
   110 | D:1      | 110 ||| Stepping ~*~*~tactically~*~*~ (hiding).
   112 | D:1      | 112 ||| Stepping ~*~*~tactically~*~*~ (hiding).
   285 | D:1      | Reached XP level 2. HP: 19/19 MP: 2/2
   551 | D:1      | Found a faded altar of an unknown god.
   563 | D:1      | 563 ||| Stepping ~*~*~tactically~*~*~ (water).
   566 | D:1      | Reached skill level 3 in Axes
   582 | D:1      | Reached XP level 3. HP: 17/23 MP: 3/3
   968 | D:1      | 968 ||| READING 3 scrolls labelled KIBUEPLAUTS.
  1023 | D:2      | 1023 ||| STAIRDANCE
  1112 | D:2      | Noticed Robin
  1113 | D:2      | 1113 ||| Stepping ~*~*~tactically~*~*~ (hiding).
  1126 | D:2      | Killed Robin
  1127 | D:2      | Reached XP level 4. HP: 28/28 MP: 4/4
  1133 | D:2      | Reached skill level 4 in Axes
  1144 | D:2      | 1144 ||| FLEEEEING.
  1145 | D:2      | 1145 ||| FLEEEEING.
  1146 | D:2      | 1146 ||| FLEEEEING.
  1147 | D:2      | 1147 ||| FLEEEEING.
  1148 | D:2      | 1148 ||| FLEEEEING.
  1149 | D:2      | 1149 ||| FLEEEEING.
  1150 | D:2      | 1150 ||| FLEEEEING.
  1151 | D:2      | 1151 ||| FLEEEEING.
  1152 | D:2      | 1152 ||| FLEEEEING.
  1153 | D:2      | 1153 ||| FLEEEEING.
  1154 | D:2      | 1154 ||| FLEEEEING.
  1155 | D:2      | 1155 ||| FLEEEEING.
  1156 | D:2      | 1156 ||| FLEEEEING.
  1157 | D:2      | 1157 ||| FLEEEEING.
  1158 | D:2      | 1158 ||| FLEEEEING.
  1159 | D:2      | 1159 ||| FLEEEEING.
  1160 | D:2      | 1160 ||| FLEEEEING.
  1161 | D:2      | 1161 ||| FLEEEEING.
  1162 | D:2      | 1162 ||| FLEEEEING.
  1163 | D:2      | 1163 ||| FLEEEEING.
  1164 | D:2      | 1164 ||| FLEEEEING.
  1166 | D:2      | 1166 ||| FLEEEEING.
  1167 | D:2      | 1167 ||| FLEEEEING.
  1168 | D:2      | 1168 ||| FLEEEEING.
  1169 | D:2      | 1169 ||| STAIRDANCE
  1178 | D:1      | 1178 ||| READING scroll labelled GEDIBA ARY.
  1326 | D:2      | 1326 ||| Stepping ~*~*~tactically~*~*~ (stealth).
  1327 | D:2      | 1327 ||| Stepping ~*~*~tactically~*~*~ (stealth).
  1329 | D:2      | 1329 ||| Stepping ~*~*~tactically~*~*~ (stealth).
  1772 | D:2      | 1772 ||| UPGRADING to +2 helmet.
  1777 | D:2      | 1777 ||| DROPPING ring of flight.
  1778 | D:2      | 1778 ||| READING scroll labelled GIEW JIYL EWE.
  1817 | D:3      | 1817 ||| Stepping ~*~*~tactically~*~*~ (stealth).
  1867 | D:3      | Noticed a +0 short sword
  1867 | D:3      | Noticed a +0 spear
  1867 | D:3      | Noticed a +0 dagger
  1867 | D:3      | Noticed a +0 falchion
  1868 | D:3      | Noticed a +0 dagger
  1868 | D:3      | Noticed a +0 spear
  1868 | D:3      | Noticed a +0 short sword
  1868 | D:3      | Noticed a +0 falchion
  1871 | D:3      | Noticed Sigmund
  1873 | D:3      | Found a hide-covered altar of Uskayaw.
  1895 | D:3      | Found a hazy altar of Hepliaklqana.
  1901 | D:3      | Noticed Jessica
  1906 | D:3      | Killed Jessica
  1907 | D:3      | Reached XP level 5. HP: 28/32 MP: 5/5
  1943 | D:3      | Found a radiant altar of Vehumet.
  2291 | D:3      | 2291 ||| Stepping ~*~*~tactically~*~*~ (stealth).
  2292 | D:3      | 2292 ||| Stepping ~*~*~tactically~*~*~ (stealth).
  2293 | D:3      | 2293 ||| Stepping ~*~*~tactically~*~*~ (stealth).
  2303 | D:3      | 2303 ||| FLEEEEING.
  2304 | D:3      | 2304 ||| FLEEEEING.
  2305 | D:3      | 2305 ||| FLEEEEING.
  2306 | D:3      | 2306 ||| FLEEEEING.
  2307 | D:3      | 2307 ||| FLEEEEING.
  2308 | D:3      | 2308 ||| FLEEEEING.
  2309 | D:3      | 2309 ||| FLEEEEING.
  2310 | D:3      | 2310 ||| FLEEEEING.
  2311 | D:3      | 2311 ||| STAIRDANCE
  2359 | D:2      | 2359 ||| READING 2 scrolls labelled JIMOT CUASUT.
  2360 | D:2      | 2360 ||| READING scroll labelled ANNOINAJAU.
  2361 | D:2      | 2361 ||| DRINKING 2 green potions.
  2362 | D:2      | 2362 ||| DRINKING 2 dark potions.
  2401 | D:2      | 2401 ||| DRINKING 3 blue potions.
  2402 | D:2      | 2402 ||| DROPPING scroll of blinking.
  2405 | D:3      | 2405 ||| STAIRDANCE
  2409 | D:2      | 2409 ||| DRINKING potion of curing.
  2409 | D:2      | 2409 ||| (to cure confusion)
  2418 | D:2      | HP: 6/32 [something/puff of flame (8)]
  2420 | D:2      | HP: 1/32 [something (5)]
  2422 | D:2      | Mangled by Sigmund

Levels and vault maps discovered:
D:1:      minmay_arrival_four_houses, layout_basic,
          hellmonk_ecumenical_altar_pennies_from_heaven
D:2:      layout_loops_cross, minmay_fractal_squares_5, uniq_robin
D:3:      layout_basic, mainiacjoe_overflow_small_starburst,
          nicolae_uskayaw_en_pointe, amcnicky_altar_gilded, minmay_box_of_dots,
          uniq_jessica, uniq_crazy_yiuf_cottage, uniq_sigmund

Skill      XL: |  1  2  3  4 |
---------------+-------------+-----
Axes           | 2 3 4 |  4.8
Fighting       | |  3.2
Armour         | |  3.2
Shields        | |  3.2

Action                     |  1- 3 |  4- 6 || total
---------------------------+-------+-------++-------
  Melee: War axe           |   106 |    85 ||   191
  Throw: Boomerang         |       |    19 ||    19
    Use: Scroll            |     1 |     4 ||     5
         Potion            |       |     4 ||     4
 Armour: Scale mail        |    71 |    53 ||   124
  Dodge: Dodged            |    59 |    43 ||   102
  Block: Buckler           |    16 |    18 ||    34

Table legend:
 A = Non-vault XP
 B = Vault XP
 C = Vault XP percentage of total XP
 D = Non-vault monster count
 E = Vault monster count
 F = Vault count percentage of total count
                 A         B        C        D         E       F
            +---------+---------+-------+---------+---------+-------
      Total |     105 |     102 |  49.3 |      47 |      22 |  31.9
            +---------+---------+-------+---------+---------+-------
        D:1 |      44 |       0 |   0.0 |      25 |       0 |   0.0
        D:2 |      38 |      60 |  61.2 |      15 |      18 |  54.5
        D:3 |      23 |      42 |  64.6 |       7 |       4 |  36.4
            +---------+---------+-------+---------+---------+-------
